 Dungeon Crawl Stone Soup version 0.30-a0-748-ge6a52f7cba (webtiles) character file.

Game seed: 15118415468484632870

464 boo the Insei (level 6, -8/49 HPs)
             Began as a Demonspawn Monk on Feb 8, 2023.
             Was a Believer of Okawaru.
             Mangled by an ogre
             ... wielding a +0 giant club
              (30 damage)
             ... on level 5 of the Dungeon.
             The game lasted 00:06:11 (3796 turns).

boo the Insei (Demonspawn Monk)                     Turns: 3796, Time: 00:06:12

Health: -8/49      AC:  7    Str: 14    XL:     6   Next: 80%
Magic:  6/6        EV: 10    Int: 11    God:    Okawaru [**....]
Gold:   280        SH:  0    Dex: 15    Spells: 5/5 levels left

rFire   . . .      SeeInvis .    f - +0 dagger (venom)
rCold   . . .      Faith    .    (no shield)
rNeg    . . .      Spirit   .    c - +0 scale mail
rPois   .          Reflect  .    e - +0 helmet
rElec   .          Harm     .    (no cloak)
rCorr   .          Rampage  .    (no gloves)
Will    .....                    (no boots)
Stlth   +                        (no amulet)
HPRegen 0.28/turn                (no ring)
MPRegen 0.10/turn                (no ring)

@: no status effects
A: ignite blood 1, demonic magic 2, demonic touch 1
a: Renounce Religion, Heroism


You were on level 5 of the Dungeon.
You worshipped Okawaru.
Okawaru was pleased with you.
You visited 1 branch of the dungeon, and saw 5 of its levels.

You collected 280 gold pieces.

Inventory:

Hand Weapons
 f - a +0 dagger of venom (weapon)
Armour
 a - a +0 robe
 c - a +0 scale mail (worn)
 e - a +0 helmet (worn)
Wands
 k - a wand of acid (8)
 m - a wand of paralysis (8)
 n - a wand of polymorph (3)
Scrolls
 d - 2 scrolls of fog {unknown}
 g - a scroll of brand weapon {unknown}
 h - 6 scrolls of identify {unknown}
 j - 3 scrolls of noise {unknown}
 o - a scroll of summoning {unknown}
Potions
 b - a potion of ambrosia
 i - a potion of curing {unknown}
 l - a potion of lignification {unknown}
 p - a potion of invisibility {unknown}
 q - a potion of might {unknown}


   Skills:
 + Level 4.6 Fighting
 + Level 4.2 Dodging
 - Level 1.7 Stealth
 * Level 5.3 Unarmed Combat


You had 5 spell levels left.
You didn't know any spells.
Your spell library contained the following spells:

 Spells                   Type           Power      Damage    Failure   Level
 Ensorcelled Hibernation  Hex/Ice        0%         N/A       94%         2
 Inner Flame              Hex/Fire       0%         N/A       99%         3


Dungeon Overview and Level Annotations

Branches:
Dungeon (5/15)
 Temple: D:4-7

Altars:
Fedhas
Hepliaklqana
Kikubaaqudgha
Nemelex Xobeh
Okawaru
Vehumet
Yredelemnul

Annotations:
D:4 exclusion: downstairs


Innate Abilities, Weirdness & Mutations

Your demonic aura sometimes causes spilled blood to erupt in flames.
Spells you cast may paralyse nearby enemies.
Your touch may inflict minor irresistible damage on your foes.


Message History

You open the door.
An ogre and an adder come into view.
The adder hisses angrily.
Found a basalt altar of Yredelemnul.
The adder bites you. The adder bites you but does no damage.
You miss the adder.
You touch the adder!
The adder is severely wounded.
The adder closely misses you.
You closely miss the adder.
You touch the adder.
You kill the adder!
Okawaru accepts your kill.
You closely miss the ogre.
The ogre hits you with a +0 giant club!!
Ouch! That really hurt!
You hit the ogre but do no damage. The ogre attacks as you move away!
The ogre hits you with a +0 giant club!
* * * LOW HITPOINT WARNING * * *
The ogre is engulfed in blazing flames.
You gain the combat prowess of a mighty hero.
The ogre hits you with a +0 giant club.
* * * LOW HITPOINT WARNING * * *
You are confused.
You feel invigorated. The ogre hits you but does no damage.
You feel less invigorated.
You feel less confused. The ogre hits you with a +0 giant club.
Unknown command.
The ogre closely misses you.
You hit the ogre.
The ogre is poisoned.
The ogre is heavily wounded.
The ogre closely misses you.
You barely miss the ogre.
The ogre is heavily wounded.
You feel like a meek peon again.
You hit the ogre but do no damage.
The ogre looks as sick as possible!
The ogre is heavily wounded.
The ogre hits you with a +0 giant club!!
Ouch! That really hurt!
You die...

##.# #.. ##.#.##
#..###.# ##...#.#####
#...##.## ##.#..##....#
....#...###))#..###.###
.....##.....)##..##.#
......###....##..##.#
........#....##...#.#
#............###..#.##
#..####......###@....#
##.## ###......O....##
#..### ####...######
##...# ##.##...##
##....# #.#.8.8.#
#....## #.#O._..#
..##..# #†#...8.# .##
#.## +#.#'.S.#
.####..#####...#####.#.


You could see an ogre (extremely poisoned).

Vanquished Creatures
  A necrophage (D:4)
  3 scorpions
  An orc priest (D:5)
  2 orc wizards (D:5)
  5 adders
  A shadow imp (D:5)
  2 worms
  7 dart slugs
  7 orcs
  7 bats
  10 endoplasms
  3 giant cockroaches
  2 goblins
  5 hobgoblins
  5 kobolds
  2 quokkas (D:1)
  7 ball pythons
  3 frilled lizards
  A rat (D:1)
  A spectral hobgoblin (D:4)
75 creatures vanquished.

Notes
Turn   | Place    | Note
-------+----------+-------------------------------------------
     0 | D:1      | boo the Demonspawn Monk began the quest for the Orb.
     0 | D:1      | Reached XP level 1. HP: 18/18 MP: 1/1
    60 | D:1      | Reached skill level 3 in Unarmed Combat
    60 | D:1      | Gained mutation: Your demonic aura sometimes causes spilled
                  | blood to erupt in flames. [demonic ancestry]
    60 | D:1      | Reached XP level 2. HP: 16/24 MP: 2/2
   446 | D:1      | Reached XP level 3. HP: 21/29 MP: 3/3
   695 | D:1      | Found a faded altar of an unknown god.
  1183 | D:2      | Found an iron altar of Okawaru.
  1249 | D:2      | Became a worshipper of Warmaster Okawaru
  1249 | D:2      | Reached * piety under Okawaru
  1249 | D:2      | Reached ** piety under Okawaru
  1634 | D:3      | Found a radiant altar of Vehumet.
  1827 | D:3      | Gained mutation: Your touch may inflict minor irresistible
                  | damage on your foes. [demonic ancestry]
  1827 | D:3      | Reached XP level 4. HP: 26/35 MP: 4/4
  2124 | D:3      | Found a sparkling altar of Nemelex Xobeh.
  2124 | D:3      | Found a blossoming altar of Fedhas.
  2128 | D:3      | Got Koecisud's Tome of the Weird Pyre
  2350 | D:4      | Found a hazy altar of Hepliaklqana.
  2480 | D:4      | Reached skill level 4 in Unarmed Combat
  2587 | D:4      | Noticed a necrophage
  2598 | D:4      | Killed a necrophage
  2599 | D:4      | Gained mutation: Spells you cast may paralyse adjacent
                  | enemies. [demonic ancestry]
  2599 | D:4      | Reached XP level 5. HP: 36/42 MP: 2/5
  2950 | D:4      | Gained mutation: Spells you cast may paralyse nearby
                  | enemies. [demonic ancestry]
  2950 | D:4      | Reached XP level 6. HP: 38/48 MP: 6/6
  3231 | D:5      | Entered Level 5 of the Dungeon
  3414 | D:5      | Reached skill level 5 in Unarmed Combat
  3767 | D:5      | Found an ancient bone altar of Kikubaaqudgha.
  3773 | D:5      | Found a basalt altar of Yredelemnul.
  3796 | D:5      | Mangled by an ogre

Illustrated notes

Levels and vault maps discovered:
D:1:      nzn_arrival_settlement, layout_rooms,
          hellmonk_ecumenical_altar_defaced_shrine
D:2:      layout_loops_ring, basic_altar, wander_ebering_terrifying_dragon_lair
D:3:      minmay_spotlight, layout_basic, lemuel_doored_altar,
          gammafunk_temple_overflow_statue, minmay_misc_feat_encased
D:4:      layout_cave_pods, nicolae_hepliaklqana_monster_ancestors,
          minmay_misc_feat_secret_circle, minmay_surrounded
D:5:      layout_layer_cave, grunt_temple_overflow_cloverleaf, uniq_pikel,
          uniq_grinder

Skill      XL: |  1  2  3  4  5  6 |
---------------+-------------------+-----
Unarmed Combat | 3 4 5 |  5.3
Dodging        | 3 4 |  4.2
Fighting       | 4 |  4.6
Stealth        | |  1.7

Action                     |  1- 3 |  4- 6 || total
---------------------------+-------+-------++-------
  Melee: Unarmed           |    67 |    13 ||    80
         Punch             |     7 |     4 ||    11
         Dagger            |    66 |    78 ||   144
         Touch             |       |    23 ||    23
 Invoke: Heroism           |       |     2 ||     2
    Use: Potion            |       |     1 ||     1
 Armour: Robe              |     9 |       ||     9
         Scale mail        |    41 |    36 ||    77
  Dodge: Dodged            |    62 |    48 ||   110

Table legend: (Time is in decaauts)
 A = Elapsed time spent in this place.
 B = Non-inter-level travel time spent in this place.
 C = Inter-level travel time spent in this place.
 D = Time resting spent in this place.
 E = Time spent auto-exploring this place.
 F = Levels seen in this place.
 G = Mean time per level.
                   A        B        C        D        E       F      G
               +--------+--------+--------+--------+--------+-----+--------+
         Total |   3786 |   3590 |    196 |    676 |   2307 |   5 |  757.2 |
       Dungeon |   3786 |   3590 |    196 |    676 |   2307 |   5 |  757.2 |
               +--------+--------+--------+--------+--------+-----+--------+

Top non-repeatable levels by time:
     D:4: 1071 daAuts
     D:1: 813 daAuts
     D:2: 773 daAuts
     D:3: 672 daAuts
     D:5: 455 daAuts
